 Dungeon Crawl Stone Soup version 0.21.0-3-g78d12a8 (webtiles) character file.

121 MTVSty1e the Slasher (level 5, -5/41 HPs)
             Began as a Human Fighter on Jan 9, 2018.
             Slain by an iguana (9 damage)
             ... on level 4 of the Dungeon.
             The game lasted 00:03:58 (3160 turns).

MTVSty1e the Slasher (Human Fighter)                Turns: 3160, Time: 00:03:59

Health: -5/41      AC:  5    Str: 22    XL:     5   Next: 26%
Magic:  5/5        EV:  7    Int:  8    God:
Gold:   181        SH:  9    Dex: 13    Spells: 4/4 levels left

rFire    . . .     SeeInvis .   a - +0 long sword
rCold    . . .     Gourm    .   c - +0 shield
rNeg     . . .     Faith    .   b - +0 scale mail
rPois    .         Spirit   .   (no helmet)
rElec    .         Reflect  .   r - -2 cloak (curse)
rCorr    .         Harm     .   (no gloves)
MR       .....                  (no boots)
Stlth    ..........             (no amulet)
HPRegen  0.13/turn              (no ring)
MPRegen  0.09/turn              (no ring)

@: mighty, lethally poisoned (-5 -> -13)
A: no striking features
a: no special abilities


You were on level 4 of the Dungeon.
You were not hungry.

You visited 1 branch of the dungeon, and saw 4 of its levels.

You collected 181 gold pieces.

Inventory:

Hand Weapons
 a - a +0 long sword (weapon)
Armour
 b - a +0 scale mail (worn)
 c - a +0 shield (worn)
 r - a cursed -2 cloak (worn)
Wands
 s - a wand of random effects (24)
Scrolls
 h - a scroll of enchant armour {unknown}
 i - 3 scrolls of teleportation {unknown}
 j - 2 scrolls of identify {unknown}
 k - a scroll of magic mapping {unknown}
 l - a scroll of random uselessness {unknown}
 p - a scroll of fog {unknown}
Potions
 d - 2 potions of might
 e - a potion of lignification {unknown}
 g - a potion of curing
 m - a potion of heal wounds {unknown}
 n - a potion of mutation {unknown}
 o - a potion of flight {unknown}
 q - a potion of degeneration {unknown}
 t - a potion of cancellation {unknown}
Comestibles
 f - 7 rations


   Skills:
 - Level 3.0 Fighting
 + Level 5.0 Long Blades
 - Level 3.0 Armour
 - Level 3.0 Shields


You had 4 spell levels left.
You didn't know any spells.

Dungeon Overview and Level Annotations

Branches:
Dungeon (4/15)
 Temple: D:4-7

Altars:
Xom


Message History

You riposte.
You closely miss the iguana.
The iguana is lightly wounded.
You feel very mighty all of a sudden. You block the adder's attack.
The iguana barely misses you. You block the adder's attack.
You slash the iguana!
The iguana is heavily wounded.
The adder bites you.
You are poisoned.
The adder poisons you!
The iguana bites you but does no damage.
Your shield prevents you from hitting the iguana.
The iguana is heavily wounded.
You feel sick. The adder bites you but does no damage. The iguana bites you!
* * * LOW HITPOINT WARNING * * *
The adder bites you.
* * * LOW HITPOINT WARNING * * *
You are more poisoned.
The adder poisons you! The iguana bites you!
You die...

............#
...........#
#...$$......
...........
#.......... #
#.......... #.
#..Sl......
#.#######@# #
#...>..##.#####.#
#......##.......#+
#......###........
#......###.(......
#.....)...........
##..........b.....
#......†.........
#####............


You could see an iguana and an adder.

Vanquished Creatures
  A worker ant (D:4)
  3 adders
  An ooze (D:3)
  3 worms
  A dart slug (D:3)
  3 orcs
  6 giant cockroaches
  3 goblins
  3 hobgoblins
  4 jackals (D:2)
  13 kobolds
  3 quokkas
  4 bats
  3 frilled lizards (D:3)
  4 rats
55 creatures vanquished.

Notes
Turn   | Place    | Note
-------+----------+-------------------------------------------
     0 | D:1      | MTVSty1e the Human Fighter began the quest for the Orb.
     0 | D:1      | Reached XP level 1. HP: 18/18 MP: 1/1
   479 | D:1      | Reached XP level 2. HP: 24/24 MP: 2/2
  1062 | D:1      | Reached skill level 3 in Long Blades
  1077 | D:1      | Reached XP level 3. HP: 10/29 MP: 3/3
  1839 | D:2      | Reached skill level 4 in Long Blades
  1839 | D:2      | Reached XP level 4. HP: 29/35 MP: 4/4
  2929 | D:4      | Found a shimmering altar of Xom.
  2942 | D:4      | Reached XP level 5. HP: 41/41 MP: 5/5
  2955 | D:4      | Reached skill level 5 in Long Blades
  3160 | D:4      | Slain by an iguana

Skill      XL: |  1  2  3  4  5 |
---------------+----------------+-----
Long Blades    | 3 4 5 |  5.0
Fighting       | |  3.0
Armour         | |  3.0
Shields        | |  3.0

Action                   |  1- 3 |  4- 6 || total
-------------------------+-------+-------++-------
Melee: Long sword        |   117 |   105 ||   222
  Use: Potion            |     1 |     2 ||     3
  Eat: Chunk             |     3 |       ||     3
       Ration            |       |     2 ||     2
Armor: Scale mail        |    73 |    39 ||   112
Dodge: Dodged            |    59 |    28 ||    87
Block: Shield            |    84 |    56 ||   140
       Rpst.: Long sword |    19 |     6 ||    25
